 Dungeon Crawl Stone Soup version 0.29-a0-468-ge57f7f99b4 (webtiles) character file.

Game seed: 6484555241941407887

679 holysushi the Insei (level 7, -2/46 HPs)
             Began as an Octopode Transmuter on May 21, 2022.
             Slain by a phantom (3 damage)
             ... on level 6 of the Dungeon.
             The game lasted 00:06:18 (5020 turns).

holysushi the Insei (Octopode Transmuter)           Turns: 5020, Time: 00:06:22

Health: -2/46      AC:  1    Str:  7 (9)  XL:     7   Next: 60%
Magic:  19/19      EV: 13    Int: 14 (15) God:
Gold:   221        SH:  0    Dex: 13 (15) Spells: 4/10 levels left

rFire   . . .      SeeInvis .     - Unarmed
rCold   . . .      Faith    .   (no shield)
rNeg    . . .      Spirit   .   (helmet restricted)
rPois   .          Reflect  .   (no amulet)
rElec   .          Harm     .   o - ring of magical power
rCorr   .          Rampage  .   (no ring)
Will    .....                   (no ring)
Stlth   +++.......              (no ring)
HPRegen 0.15/turn               (no ring)
MPRegen 0.16/turn               (no ring)
                                (no ring)
                                (no ring)

@: no status effects
A: almost no armour, amphibious, 8 rings, camouflage 1, gelatinous body 1,
(nimble swimmer 1), tentacles
a: no special abilities


You were on level 6 of the Dungeon.
You visited 1 branch of the dungeon, and saw 5 of its levels.

You collected 221 gold pieces.

Inventory:

Jewellery
 o - a ring of magical power (left tentacle)
Wands
 t - a wand of flame (3)
Scrolls
 f - a scroll of teleportation {unknown}
 g - a scroll of fear {unknown}
 j - 3 scrolls of immolation
 k - 3 scrolls of fog {unknown}
 l - 2 scrolls of noise {unknown}
 m - 3 scrolls of brand weapon {unknown}
 p - a scroll of magic mapping {unknown}
 q - a scroll of enchant weapon {unknown}
 r - a scroll of blinking {unknown}
 v - a scroll of amnesia {unknown}
Potions
 a - 3 potions of lignification
 c - 2 potions of degeneration
 d - a potion of haste
 i - a potion of ambrosia {unknown}
 n - a potion of berserk rage {unknown}
 s - a potion of mutation {unknown}
 u - a potion of heal wounds {unknown}


   Skills:
 + Level 3.4 Fighting
 + Level 2.2 Dodging
 - Level 2.0 Stealth
 * Level 6.4 Unarmed Combat
 - Level 2.0 Spellcasting
 + Level 3.9 Transmutations
 - Level 2.0 Poison Magic


You had 4 spell levels left.
You knew the following spells:

 Your Spells              Type           Power      Damage    Failure   Level
a - Beastly Appendage     Tmut           24%        N/A       4%          1
b - Wereblood             Tmut           12%        N/A       7%          2
c - Spider Form           Tmut/Pois      9%         N/A       22%         3

Your spell library contained the following spells:

 Spells                   Type           Power      Damage    Failure   Level
 Ice Form                 Ice/Tmut       6%         N/A       71%         4


Dungeon Overview and Level Annotations

Branches:
Dungeon (4/15)
 Temple: D:4-7

Altars:

Shops:
D:3 :

Annotations:
D:3 3 runed translucent doors, soylentgreeen202's ghost, amateur MiCK


Innate Abilities, Weirdness & Mutations

You cannot wear most types of armour.
You are amphibious.
You can wear up to eight rings at the same time.
Your skin changes colour to match your surroundings (Stealth+).
Your rubbery body absorbs attacks. (AC +1, EV +1)
((You are camouflaged when in or above water. (Stealth+)))
You have tentacles for arms and can constrict up to eight enemies at once.


Message History

You hit the centaur but do no damage.
The centaur hits you but does no damage.
The centaur kicks you but does no damage.
The centaur barely misses you. x2
You hit the centaur.
The centaur is lightly wounded.
The centaur misses you. The centaur barely misses you.
Unknown command.
The centaur wields a +0 shortbow.
The centaur shoots an arrow.
The arrow hits you.
Your transformation is almost over.
The centaur shoots an arrow.
The arrow completely misses you. The phantom misses you.
The centaur shoots an arrow.
The arrow closely misses you. The phantom attacks as you move away!
The phantom hits you but does no damage.
The centaur shoots an arrow.
The arrow hits you!
There is a stone staircase leading up here.
The phantom hits you.
The phantom blinks!
You blink.
You stop ascending the stairs.
The centaur shoots an arrow.
The arrow misses you.
You hit the phantom but do no damage. The phantom hits you.
Unknown command.
You hit the phantom.
The phantom is lightly damaged.
The centaur looks more healthy.
The centaur shoots an arrow.
The arrow hits you!
* * * LOW HITPOINT WARNING * * *
The phantom closely misses you.
There is an escape hatch in the floor here.
The phantom attacks as you move away! The phantom hits you.
* * * LOW HITPOINT WARNING * * *
As you read the scroll labelled SIWAMETUPI, it crumbles to dust.
The creatures around you are filled with an inner flame!
It was a scroll of immolation.
Your transformation has ended.
The centaur shoots an arrow.
The arrow hits you!
* * * LOW HITPOINT WARNING * * *
The phantom hits you.
You die...

....####......#.. ........##...
#....###.......# .#......)#..
#....#..#.!..# ..#.......#..
#...#...#...##.............
#.....#....................
##.........................
#..#<.##cO........##..#.#..
#..##.....W.......##..#.#..
#..#.....#@................
#######...#..#.......##..........
.............##....#.###.........
.......#####..........#.#........
......## #........##.........).
......# ###...^....##.........
.....## ##.......##..........
#...## ##..###...#..#..##....
#..## ##..## ##........#.....


You could see an ogre (inner flame), a phantom (inner flame) and a centaur
(inner flame).

Vanquished Creatures
  A sky beast (D:6)
  A phantom (D:6)
  2 bullfrogs
  A scorpion (D:6)
  A necrophage (D:6)
  A jelly (D:6)
  A hound (D:4)
  2 orc wizards (D:4)
  6 gnolls
  An adder (D:4)
  A white imp (D:6)
  An ufetubus (D:6)
  5 orcs
  4 bats
  8 endoplasms
  3 giant cockroaches
  8 hobgoblins
  7 kobolds
  5 quokkas
  8 ball pythons
  2 rats
69 creatures vanquished.

Notes
Turn   | Place    | Note
-------+----------+-------------------------------------------
     0 | D:1      | holysushi the Octopode Transmuter began the quest for the
                  | Orb.
     0 | D:1      | Reached XP level 1. HP: 13/13 MP: 3/3
   116 | D:1      | Reached XP level 2. HP: 17/18 MP: 3/5
   729 | D:1      | Found a faded altar of an unknown god.
  1068 | D:1      | Reached skill level 4 in Unarmed Combat
  1186 | D:2      | Reached XP level 3. HP: 21/23 MP: 4/6
  1189 | D:2      | Learned a level 2 spell: Wereblood
  1193 | D:2      | Learned a level 3 spell: Spider Form
  1735 | D:2      | Reached skill level 1 in Stealth
  1735 | D:2      | Reached XP level 4. HP: 22/28 MP: 7/7
  2159 | D:3      | Found Erchemyi's Book Shop.
  2344 | D:3      | Reached skill level 1 in Poison Magic
  2521 | D:3      | Found a runed translucent gate.
  2521 | D:3      | Found a runed translucent gate.
  2521 | D:3      | Found a runed translucent gate.
  2865 | D:3      | Noticed soylentgreeen202's ghost (amateur MiCK)
  3434 | D:4      | Reached XP level 5. HP: 33/33 MP: 8/8
  3563 | D:4      | Reached skill level 5 in Unarmed Combat
  3862 | D:4      | Reached XP level 6. HP: 30/39 MP: 9/9
  4009 | D:4      | You fall into a shaft and drop 2 floors!
  4045 | D:6      | Noticed a sky beast
  4432 | D:6      | Reached skill level 6 in Unarmed Combat
  4432 | D:6      | Reached XP level 7. HP: 34/46 MP: 10/10
  5020 | D:6      | HP: 1/46 [centaur/arrow (9)]
  5020 | D:6      | Slain by a phantom

Illustrated notes

Levels and vault maps discovered:
D:1:      minmay_arrival_diagonal_passages, layout_basic,
          chequers_ecumenical_altar_grove, minmay_cut_off
D:2:      layout_basic, glass_columns_b
D:3:      layout_loops_ring, gammafunk_ghost_necromancy, serial_shops, shop
D:4:      layout_cave_pools, cheibriados_altar_1, nrook_mini_backslash,
          minivault_19, minmay_surrounded, uniq_sigmund
D:6:      layout_layer_cave

Skill      XL: |  1  2  3  4  5  6 |
---------------+-------------------+-----
Unarmed Combat | 4 5 6 |  6.4
Stealth        | 1 2 |  2.0
Poison Magic   | 1 2 |  2.0
Fighting       | 2 3 |  3.4
Transmutations | 3 |  3.9
Dodging        | |  2.2
Spellcasting   | |  2.0

Action                   |  1- 3 |  4- 6 |  7- 9 || total
-------------------------+-------+-------+-------++-------
Melee: Unarmed           |    69 |   107 |    22 ||   198
       Constrict         |    20 |     9 |       ||    29
       Kick              |    16 |     5 |       ||    21
       Tentacles         |    17 |     7 |       ||    24
       Punch             |     2 |     1 |       ||     3
 Cast: Beastly Appendage |    15 |     2 |       ||    17
       Spider Form       |       |    11 |     4 ||    15
  Use: Potion            |       |     6 |       ||     6
       Scroll            |       |       |     1 ||     1
 Stab: Sleeping          |     5 |     6 |       ||    11
Armor: Skin              |     5 |     7 |     4 ||    16
Dodge: Dodged            |    46 |    71 |    20 ||   137

Table legend: (Time is in decaauts)
 A = Elapsed time spent in this place.
 B = Non-inter-level travel time spent in this place.
 C = Inter-level travel time spent in this place.
 D = Time resting spent in this place.
 E = Time spent auto-exploring this place.
 F = Levels seen in this place.
 G = Mean time per level.
                   A        B        C        D        E       F      G
               +--------+--------+--------+--------+--------+-----+--------+
         Total |   4982 |   4919 |     63 |   1071 |   3116 |   5 |  996.4 |
       Dungeon |   4982 |   4919 |     63 |   1071 |   3116 |   5 |  996.4 |
               +--------+--------+--------+--------+--------+-----+--------+

Top non-repeatable levels by time:
     D:1: 1174 daAuts
     D:6: 987 daAuts
     D:3: 972 daAuts
     D:2: 965 daAuts
     D:4: 882 daAuts
